 Dungeon Crawl Stone Soup version 0.30-a0-528-g8c47a4955b (webtiles) character file.

Game seed: 10484803232023455692

586540 xzight the Pyromancer (level 25, -7/164 HPs)
             Began as a Deep Elf Fire Elementalist on Dec 23, 2022.
             Was the Champion of Ashenzari.
             Killed from afar by an orb of fire (33 damage)
             ... with a fireball
             ... on level 4 of the Realm of Zot on Dec 24, 2022.
             The game lasted 04:40:58 (100904 turns).

xzight the Pyromancer (DEFE)                      Turns: 100904, Time: 04:40:59

Health: -7/164     AC: 39    Str: 13    XL:     25   Next: 54%
Magic:  41/65      EV: 18    Int: 32    God:    Ashenzari [******]
Gold:   2804       SH:  6    Dex: 16    Spells: 18/78 levels left

rFire   + . .      SeeInvis +    m - staff of fire (curse) {!a, Comp, Self}
rCold   . . .      Faith    .    K - +0 buckler of the Oracular Augurer {Bglg, Range} (curse)
rNeg    + . .      Spirit   .    n - +10 pearl dragon scales of Panopticon {rN+, Bglg, Elem} (curse)
rPois   .          Reflect  .    D - +2 helmet of Supernal Gnosis {Evo, Comp} (curse)
rElec   .          Harm     .    v - +0 cloak of Ashenzari's Insecurity {Self, Evo} (curse)
rCorr   +          Rampage  .    y - +1 pair of gloves "Omniscient Paranoia" {Will+ Str+4, Evo, Self} (curse)
Will    ++++.      Clarity  +    c - +0 pair of boots "Secrets of Ashenzari" {Fort, Evo} (curse)
Stlth   +++                      N - amulet of Ashenzari's Chagrin {Regen+, Cun, Bglg} (curse)
HPRegen 1.27/turn                M - ring "Sidereal Mistrust" {MP+9, Self, Alch} (curse)
MPRegen 0.39/turn                R - ring of the Visionary Comet {rCorr, Melee, Elem} (curse)

@: no status effects
A: iridescent scales 2, thin skeletal structure 1, strong-willed 1, strong 1,
sturdy frame 1
}: 4/15 runes: decaying, serpentine, slimy, silver
a: Renounce Religion, Shatter the Chains


You were on level 4 of the Realm of Zot.
You worshipped Ashenzari.
Ashenzari was exalted by your worship.
You visited 11 branches of the dungeon, and saw 53 of its levels.
You visited 2 bazaars.
You visited 1 ziggurat, and saw 8 of its levels.

You collected 8359 gold pieces.
You spent 5555 gold pieces at shops.


Innate Abilities, Weirdness & Mutations

You are mostly covered in iridescent scales. (AC +4)
You have a somewhat thin skeletal structure. (Dex +2, Stealth+)
You are strong-willed. (Will+)
Your muscles are strong. (Str +4, Int/Dex -1)
Your movements are slightly less encumbered by armour. (ER -2)


   Skills:
 - Level 12.5(18.7) Fighting
 - Level 11.3(13.9) Armour
 - Level 16.0(18.5) Dodging
 - Level 2.4(4.5) Stealth
 - Level 6.1(8.8) Shields
 - Level 21.2(27) Spellcasting
 + Level 19.7(24.5) Conjurations
 + Level 15.3(19.1) Necromancy
 - Level 7.3(12.3) Translocations
 + Level 22.6(26.1) Fire Magic
 + Level 18.2(21.9) Air Magic
 + Level 16.7(20.4) Earth Magic
 - Level 9.8(16.0) Evocations


You had 18 spell levels left.
You knew the following spells:

 Your Spells              Type           Power      Damage    Failure   Level
a - Starburst             Conj/Fire      70%        6d18      0%          6
b - Fireball              Conj/Fire      70%        3d26      0%          5
c - Ignition              Fire           71%        3d19      1%          8
d - Airstrike             Air            55%        2d(8-24)  0%          4
e - Blink                 Tloc           100%       N/A       0%          2
f - Flame Wave            Conj/Fire      100%       2d21      0%          4
g - Foxfire               Conj/Fire      100%       2x1d9     0%          1
h - Scorch                Fire           100%       2d10      0%          2
i - Apportation           Tloc           100%       N/A       0%          1
j - Dispersal             Tloc           44%        N/A       1%          6
k - Borgnjor's Vile Clut  Necr/Erth      53%        N/A       0%          5
l - Iron Shot             Conj/Erth      56%        9d11      1%          6
m - Arcjolt               Conj/Air       56%        1d66      0%          5
n - Lee's Rapid Deconstr  Erth           54%        3d25*     0%          5

Your spell library contained the following spells:

 Spells                   Type           Power      Damage    Failure   Level
 Kiss of Death            Conj/Necr      100%       2d13      0%          1
 Magic Dart               Conj           100%       1d8       0%          1
 Necrotise                Necr           100%       1d9       0%          1
 Sandblast                Erth           100%       2d20      0%          1
 Shock                    Conj/Air       100%       1d9       0%          1
 Cigotuvi's Dreadful Rot  Necr/Pois/Air  100%       N/A       0%          2
 Momentum Strike          Conj/Tloc      100%       3d10      0%          2
 Static Discharge         Conj/Air       100%       2-7/arc   0%          2
 Sublimation of Blood     Necr           100%       N/A       0%          2
 Kindle Blastsparks       Fire/Tloc/Air  100%       2d18      0%          3
 Mephitic Cloud           Conj/Pois/Air  97%        N/A       0%          3
 Stone Arrow              Conj/Erth      100%       3d13      0%          3
 Swiftness                Air            100%       N/A       0%          3
 Vhi's Electric Charge    Tloc/Air       100%       N/A       0%          3
 Dispel Undead            Necr           100%       3d31      0%          4
 Iskenderun's Mystic Bla  Conj/Tloc      100%       2d19      0%          4
 Sticky Flame             Conj/Fire      100%       2d11      0%          4
 Lightning Bolt           Conj/Air       56%        1d78      0%          5
 Beastly Appendage        Tmut           90%        N/A       1%          1
 Summon Small Mammal      Summ           100%       N/A       1%          1
 Call Imp                 Summ           46%        N/A       1%          2
 Ensorcelled Hibernation  Hex/Ice        94%        N/A       1%          2
 Passwall                 Tmut/Erth      69%        N/A       1%          2
 Poisonous Vapours        Pois/Air       100%       N/A       1%          2
 Gell's Gravitas          Tloc           89%        N/A       1%          3
 Ignite Poison            Fire/Tmut/Pois 100%       N/A       1%          3
 Inner Flame              Hex/Fire       100%       N/A       1%          3
 Lesser Beckoning         Tloc           100%       N/A       1%          3
 Portal Projectile        Hex/Tloc       100%       N/A       1%          3
 Teleport Other           Tloc           89%        N/A       1%          3
 Anguish                  Hex/Necr       41%        N/A       1%          4
 Animate Armour           Summ/Erth      100%       N/A       1%          4
 Fulminant Prism          Conj/Hex       44%        3d19      1%          4
 Manifold Assault         Tloc           89%        N/A       1%          4
 Petrify                  Tmut/Erth      83%        N/A       1%          4
 Freezing Cloud           Conj/Ice/Air   48%        6-21      1%          5
 Irradiate                Conj/Tmut      44%        3d26      1%          5
 Death Channel            Necr           52%        N/A       1%          6
 Lehudib's Crystal Spear  Conj/Erth      56%        10d13     1%          8
 Maxwell's Capacitive Co  Air            55%        ∞         1%          8
 Wereblood                Tmut           45%        N/A       2%          2
 Call Canine Familiar     Summ           46%        N/A       3%          3
 Confusing Touch          Hex            48%        N/A       3%          3
 Ozocubu's Armour         Ice            46%        N/A       3%          3
 Summon Guardian Golem    Hex/Summ       47%        N/A       3%          3
 Tukima's Dance           Hex            48%        N/A       3%          3
 Summon Forest            Summ/Tloc      35%        N/A       3%          5
 Statue Form              Tmut/Erth      55%        N/A       3%          6
 Spider Form              Tmut/Pois      45%        N/A       4%          3
 Cause Fear               Hex            24%        N/A       12%         4
 Olgreb's Toxic Radiance  Pois           45%        N/A       14%         4
 Metabolic Englaciation   Hex/Ice        23%        N/A       34%         5
 Summon Mana Viper        Hex/Summ       47%        N/A       34%         5
 Alistair's Intoxication  Tmut/Pois      30%        N/A       36%         5
 Blade Hands              Tmut           22%        N/A       36%         5
 Disjunction              Tloc           44%        N/A       54%         8
 Malign Gateway           Summ/Tloc      35%        N/A       67%         7
 Summon Cactus Giant      Summ           23%        N/A       89%         6
 Eringya's Noxious Bog    Tmut/Pois      22%        N/A       91%         6
 Dragon Form              Tmut           22%        N/A       100%        7
 Enfeeble                 Hex            24%        N/A       100%        7
 Ozocubu's Refrigeration  Ice            23%        4d12      100%        7
 Summon Hydra             Summ           23%        N/A       100%        7
 Summon Horrible Things   Summ           23%        N/A       100%        8
 Dragon's Call            Summ           23%        N/A       100%        9

Inventory:

Armour
 c - the cursed +0 pair of boots "Secrets of Ashenzari" (worn) {Fort, Evo}
   (You found it on level 3 of the Dungeon)

   It has a curse which improves the following skills: Fortitude: Armour and
   Shields.
   Evocations: Evocations.
 h - the +0 pair of boots "Jamivit" {*Corrode rElec Int+5 Slay+3}
   (You found it on level 7 of a ziggurat)

   Int:       It affects your intelligence (+5).
   Slay:      It affects your accuracy & damage with ranged weapons and melee
   (+3).
   rElec:     It insulates you from electricity.
   *Corrode:  It may corrode you when you take damage.
 i - the +2 cloak "Kerualec" {Will+ Slay+5}
   (You found it on level 7 of a ziggurat)

   Slay:      It affects your accuracy & damage with ranged weapons and melee
   (+5).
   Will:      It increases your willpower.
 n - the cursed +10 pearl dragon scales of Panopticon (worn) {rN+, Bglg, Elem}
   (You found it on level 4 of the Dungeon)

   rN:        It protects you from negative energy.
   It has a curse which improves the following skills: Beguiling: Conjurations,
   Hexes and Translocations.
   Elements:  Fire Magic, Ice Magic, Air Magic and Earth Magic.
 v - the cursed +0 cloak of Ashenzari's Insecurity (worn) {Self, Evo}
   (You found it on level 1 of the Lair of Beasts)

   It has a curse which improves the following skills: Introspection: Fighting
   and Spellcasting.
   Evocations: Evocations.
 y - the cursed +1 pair of gloves "Omniscient Paranoia" (worn) {Will+ Str+4, Evo, Self}
   (You found it on level 6 of the Dungeon)

   Str:       It affects your strength (+4).
   Will:      It increases your willpower.
   It has a curse which improves the following skills: Evocations: Evocations.
   Introspection: Fighting and Spellcasting.
 D - the cursed +2 helmet of Supernal Gnosis (worn) {Evo, Comp}
   (You found it on level 2 of the Swamp)

   It has a curse which improves the following skills: Evocations: Evocations.
   Companions: Summonings and Necromancy.
 F - the +1 cloak "Ycragato" {+Inv rC+ Dex-4}
   (You found it on level 4 of the Realm of Zot)

   Dex:       It affects your dexterity (-4).
   rC:        It protects you from cold.
   +Inv:      It lets you turn invisible.
 K - the cursed +0 buckler of the Oracular Augurer (worn) {Bglg, Range}
   (You bought it in a shop on level 8 of the Dungeon)

   It has a curse which improves the following skills: Beguiling: Conjurations,
   Hexes and Translocations.
   Ranged Combat: Ranged Weapons and Throwing.
Magical Staves
 m - a cursed staff of fire (weapon) {!a, Comp, Self}
 Q - a staff of air {!a}
Jewellery
 C - a ring of protection from cold
 J - the ring of Ruiwnowi {Ice rN+ Str-5 Dex+4 Slay+3}
   (You took it off a deep elf sorcerer on level 3 of the Elven Halls)

   [ring of ice]

   It enhances your ice magic.
   Str:       It affects your strength (-5).
   Dex:       It affects your dexterity (+4).
   Slay:      It affects your accuracy & damage with ranged weapons and melee
   (+3).
   rF:        It makes you vulnerable to fire.
   rC:        It protects you from cold.
   rN:        It protects you from negative energy.
 M - the cursed ring "Sidereal Mistrust" (left hand) {MP+9, Self, Alch}
   (You found it on level 14 of the Dungeon)

   [ring of magical power]

   MP:        It affects your magic capacity (+9).
   It has a curse which improves the following skills: Introspection: Fighting
   and Spellcasting.
   Alchemy:   Poison Magic and Transmutations.
 N - the cursed amulet of Ashenzari's Chagrin (around neck) {Regen+, Cun, Bglg}
   (You took it off an orc warrior on level 14 of the Dungeon)

   [amulet of regeneration]

   Regen:     It increases your rate of health regeneration.
   It has a curse which improves the following skills: Cunning: Dodging and
   Stealth.
   Beguiling: Conjurations, Hexes and Translocations.
 R - the cursed ring of the Visionary Comet (right hand) {rCorr, Melee, Elem}
   (You found it on level 3 of the Dungeon)

   [ring of resist corrosion]

   rCorr:     It protects you from acid and corrosion.
   It has a curse which improves the following skills: Melee Combat: Short
   Blades, Long Blades, Axes, Maces & Flails, Polearms, Staves and Unarmed
   Combat.
   Elements:  Fire Magic, Ice Magic, Air Magic and Earth Magic.
 W - an amulet of reflection
Wands
 j - a wand of mindburst (17)
 k - a wand of charming (60)
 o - a wand of polymorph (15)
 u - a wand of iceblast (32)
 A - a wand of flame (57)
 H - a wand of quicksilver (8)
 Y - a wand of digging (22)
Scrolls
 a - 3 scrolls of silence {!r}
 d - 14 scrolls of fog
 l - 20 scrolls of teleportation {@r2}
 r - 20 scrolls of enchant weapon
 w - 18 scrolls of fear
 B - 11 scrolls of immolation
 E - 6 scrolls of brand weapon
 I - 4 scrolls of blinking
 O - 4 scrolls of butterflies
 T - 5 scrolls of poison
 U - 6 scrolls of amnesia
 Z - 6 scrolls of enchant armour
Potions
 e - a potion of heal wounds {@q2}
 f - 3 potions of resistance
 g - 6 potions of brilliance
 p - 3 potions of ambrosia
 q - 5 potions of invisibility
 s - 18 potions of might
 t - 6 potions of berserk rage {!q}
 x - 10 potions of flight
 z - 7 potions of mutation
 G - 17 potions of curing {@q1}
 V - 17 potions of haste {@q3}
 X - 4 potions of cancellation

Dungeon Overview and Level Annotations

Branches:
Dungeon (15/15)            Temple (1/1) D:6            Lair (5/5) D:9
  Swamp (4/4) Lair:3        Snake (4/4) Lair:3        Slime (5/5) Lair:4
    Orc (2/2) D:9             Elf (3/3) Orc:2        Vaults (5/5) D:14
  Crypt (0/3) Vaults:2     Depths (4/4) D:15            Zot (5/5) Depths:4

Altars:
Ashenzari
Cheibriados
Dithmenos
Elyvilon
Fedhas
Gozag
Hepliaklqana
Kikubaaqudgha
Makhleb
Nemelex Xobeh
Okawaru
Qazlal
Ru
Sif Muna
Trog
Uskayaw
Vehumet
Wu Jian
Xom
Yredelemnul
Zin
The Shining One
Jiyva

Shops:
D:1 =   D:5 [   D:8 [(   Orc:1 *   Orc:2 ?:[(   Elf:2 ?   Snake:3 :
Snake:4 :=:   Vaults:4 (   Vaults:5 *??!?!??

Portals:
Hell: Depths:1 Depths:2 Depths:3 Depths:4
Abyss: Depths:3
Pandemonium: Depths:2

Annotations:
D:7 2 transporters, experimilk's ghost, novice DrCj
D:11 exclusion: boulder beetle
Swamp:2 3 runed translucent doors, Fiugearo's ghost, adept MiFi
Swamp:4 Roxanne
Elf:2 6 runed translucent doors, Veekh's ghost, adept DjHW
Vaults:1 2 transporters, demibob's ghost, adept TrCK
Vaults:2 1 runed translucent door, Vairuzis's ghost, adept AtWr
Vaults:4 3 runed translucent doors, Ixoes's ghost, veteran DgFi
Zot:3 6 transporters
Zot:5 2 exclusions

#......<..#######.....#..##.....#
..........................##....#
.......................##.##.##..
.........##..############.#..##.#
..........#..#########..=.#..##..
...##..................##.#..##.#
..##.##...###...###...#>#....#).#
.##.###..## #.#.##.#####..#...#..
##..##....###...@.##..##..#......
^..#.#....#.....##.....#........#
...##[)........#..............##.
.......[#.......#..####......##..
....)[..#..#....#..####.....##..#
#..[...#)..............##..#...##
##..#.)....✱..........##..?#..##.
.##..))..§..>...##....#...#......
.###.......#....##.##.....#..##..


You could see an orb of fire.


Message History

The orb of fire glows red.
The fireball explodes!
The fireball engulfs you!!! You resist.
The fireball engulfs the orb of fire.
The orb of fire completely resists.
The orb of fire glows yellow.
The fireball explodes!
The fireball engulfs you!! You resist.
* * * LOW HITPOINT WARNING * * *
The fireball engulfs the orb of fire.
The orb of fire completely resists.
Unknown command.
Casting: Iron Shot (safe; 1% risk of failure)
Confirm with . or Enter, or press ? or * to list all spells.
Aiming: Iron Shot (safe; 1% risk of failure)
Press: ? - help, Shift-Dir - straight line, f/p - orb of fire
Aim: an orb of fire (moderately damaged, 53% to hit)
Okay, then.
Casting: Iron Shot (safe; 1% risk of failure)
Confirm with . or Enter, or press ? or * to list all spells.
You blink.
Casting: Blink (safe; 0% risk of failure)
Confirm with . or Enter, or press ? or * to list all spells.
You blink.
The orb of fire emits a lurid red light.
The bolt of fire hits you! You resist.
* * * LOW HITPOINT WARNING * * *
The orb of fire glows deep purple.
The fireball explodes!
The fireball engulfs you!! You resist.
* * * LOW HITPOINT WARNING * * *
There is a stone staircase leading up here.
The orb of fire glows bright magenta.
The fireball explodes!
The fireball engulfs you!! You resist.
You die...

Skill      XL: |  1  2  3  4  5  6  7  8  9 10 11 12 13 14 15 16 17 18 19 20 21 22 23 24 25 |
---------------+----------------------------------------------------------------------------+-----
Conjurations   | 2 3 4 5 8 9 10 11 13 14 15 16 17 19 | 19.7
Spellcasting   | 4 5 7 8 9 11 14 15 17 18 21 | 21.2
Fire Magic     | 4 5 6 8 9 10 12 17 18 19 20 21 22 | 22.6
Translocations | 1 2 3 4 6 7 |  7.3
Fighting       | 3 5 6 7 8 9 10 11 12 | 12.5
Dodging        | 5 8 9 10 11 13 14 16 | 16.0
Evocations     | 2 4 5 8 9 |  9.8
Shields        | 1 3 4 6 |  6.1
Air Magic      | 8 12 13 14 15 16 17 18 | 18.2
Armour         | 1 4 9 11 | 11.3
Necromancy     | 6 9 12 14 15 | 15.3
Earth Magic    | 5 10 11 12 14 15 16 | 16.7
Stealth        | |  2.4

Action                   |  1- 3 |  4- 6 |  7- 9 | 10-12 | 13-15 | 16-18 | 19-21 | 22-24 | 25-27 || total
-------------------------+-------+-------+-------+-------+-------+-------+-------+-------+-------++-------
Melee: Staff             |       |       |       |       |     3 |     3 |     3 |     9 |     4 ||    22
 Cast: Foxfire           |   110 |    70 |   258 |   455 |   338 |       |       |       |       ||  1231
       Scorch            |     4 |    24 |    31 |   142 |   137 |       |       |       |       ||   338
       Flame Wave        |       |       |     3 |    49 |    57 |       |       |       |       ||   109
       Blink             |       |       |       |     4 |     1 |     7 |       |     5 |     2 ||    19
       Airstrike         |       |       |       |     1 |    30 |   157 |    75 |    43 |    11 ||   317
       Fireball          |       |       |       |       |   123 |   458 |   445 |   340 |    61 ||  1427
       Starburst         |       |       |       |       |    89 |   112 |   239 |   160 |    36 ||   636
       Ignition          |       |       |       |       |       |    41 |    27 |   154 |    32 ||   254
       Apportation       |       |       |       |       |       |     1 |       |       |       ||     1
       Arcjolt           |       |       |       |       |       |       |    15 |    10 |       ||    25
       Iron Shot         |       |       |       |       |       |       |     8 |    96 |    41 ||   145
       Borgnjor's Vile C |       |       |       |       |       |       |     1 |     6 |     3 ||    10
       Dispersal         |       |       |       |       |       |       |       |     1 |       ||     1
Invok: Curse Item        |       |       |     2 |     8 |     3 |     1 |     3 |       |       ||    17
       Shatter the Chain |       |       |       |     1 |     2 |     1 |     3 |       |       ||     7
Evoke: Wand              |       |       |     4 |     5 |     3 |     9 |    18 |     7 |       ||    46
  Use: Scroll            |     1 |     2 |       |     1 |       |     5 |    19 |     9 |     3 ||    40
       Potion            |       |       |       |     8 |     4 |     2 |    16 |    29 |       ||    59
Armor: Robe              |       |     2 |     1 |    11 |    28 |    57 |     8 |       |       ||   107
       Leather armour    |       |       |     2 |     9 |       |       |       |       |       ||    11
       Skin              |       |       |       |     5 |       |       |       |       |       ||     5
       Pearl dragon scal |       |       |       |       |       |       |   171 |   171 |    57 ||   399
Dodge: Dodged            |     5 |     7 |    15 |   161 |   304 |   307 |   168 |   187 |    45 ||  1199
Block: Buckler           |       |       |       |    31 |    85 |    89 |    94 |    63 |    24 ||   386

Levels and vault maps discovered:
D:1:      nagdon_arrival_double_spiral, layout_basic, chequers_avenue,
          nicolae_shop_unique_rings, minmay_unequal
D:2:      layout_rooms, minmay_liquid_box, minmay_tetromino_t4, uniq_terence,
          uniq_jessica
D:3:      layout_loops_ring
D:4:      nicolae_cairo_tiling_large_dashed, layout_cave_pools,
          kb_xom_exploding_sheep, cheibriados_altar_2,
          hangedman_abyss_or_decor_stagger, uniq_sigmund
D:5:      layout_basic, tso_oasis_becter, okawaru_trees_1,
          mainiacjoe_overflow_24_doors, serial_shops, shop,
          minmay_a_box_with_orc_wizards_in_it
D:6:      layout_cave_pods, temple_doors_ab, uniq_eustachio
D:7:      layout_layer_cave, nemelex_diamond_rough_becter, gammafunk_ghost_hive,
          minivault_5, serial_bayou_crossing, uniq_pikel, uniq_joseph
D:8:      layout_cave_pools, serial_shops, nicolae_shop_bloodbath_and_beyond,
          nicolae_shop_statue_plus
D:9:      layout_small_grid, erik_lair_orcish_takeover, erik_orc_1
D:10:     minmay_the_grid_square_5x5_4x4
          [minmay_the_grid_square_5x5_sharp_hourglass,
          minmay_the_grid_square_5x5_shuriken,
          minmay_the_grid_square_5x5_checkered_sparse,
          minmay_the_grid_square_5x5_checkered_statues,
          minmay_the_grid_square_5x5_three_walls,
          minmay_the_grid_square_5x5_prize_deathbox,
          minmay_the_grid_square_5x5_prize_waves,
          minmay_the_grid_square_5x5_eight,
          minmay_the_grid_square_5x5_three_small,
          minmay_the_grid_square_5x5_prize_rear_guard,
          minmay_the_grid_square_5x5_prize_snowflake,
          minmay_the_grid_square_5x5_seven, minmay_the_grid_square_5x5_six,
          minmay_the_grid_square_5x5_inner_i,
          minmay_the_grid_square_5x5_minibox, minmay_the_grid_square_5x5_lines],
          layout_rooms, serial_bayou, serial_bayou_lagoon_b,
          serial_bayou_pond_e, serial_bayou_lagoon_a, serial_bayou_shore_b,
          serial_bayou_pond_e
D:11:     layout_gridville
D:12:     layout_rooms
D:13:     layout_cave_pools
D:14:     layout_basic, grunt_vaults_entry_tiered, minmay_staircase_bubble
D:15:     hangedman_depths_entry_civil_slaughter, layout_gridville,
          serial_park_fountain, minmay_fractal_squares_diagonal_5, uniq_azrael
Temple:   nicolae_temple_superstar
Lair:1:   layout_cave_pods, uniq_sonja
Lair:2:   layout_roguey, lemuel_centaur_altar, grunt_megastairs_5,
          serial_bayou_shore_b, lemuel_fruit_fields, uniq_gastronok
Lair:3:   layout_gridlike, minmay_swamp_entry_reptiles,
          minmay_snake_entry_guardpost_medium, infiniplex_staircase_pool
Lair:4:   layout_small_grid, slime_entry_1, grunt_forest_small_clearings,
          minmay_shattered_shrine, grunt_megastairs_1
Lair:5:   hangedman_lair_in_review, layout_cave_pods, guppyfry_lair_end_dragon
Swamp:1:  layout_falls_marsh, evilmike_swamp_ruin_house_3
Swamp:2:  layout_basic_swamp, gammafunk_ghost_split,
          nicolae_swamp_round_clearing, swamp_pool3,
          nicolae_swamp_catching_bugs, uniq_nikola, uniq_kirke, uniq_aizul
Swamp:3:  layout_basic_swamp, nicolae_swamp_tree_designs, swamp_pool3
Swamp:4:  swamp_fiery, layout_basic_swamp, uniq_roxanne, uniq_louise,
          uniq_donald
Snake:1:  layout_concentric_octagons
Snake:2:  layout_misc_corridors, serial_bayou_shore_b
Snake:3:  layout_grid_maze, nicolae_shop_vocational, uniq_vashnia
Snake:4:  minmay_snake_end_coiled, layout_layer_cave,
          nicolae_snake_ghostly_warrior_ritual, minmay_shop_grove
Slime:1:  layout_caves
Slime:2:  layout_caves, nicolae_slime_phagocytosis
Slime:3:  layout_caves, cheibrodos_slime_lost_civilization_4
Slime:4:  cheibrodos_slime_lost_civilization_1, layout_caves
Slime:5
Orc:1:    layout_caves, minmay_shop_mayhem, mines5_lemuel, uniq_josephine,
          uniq_erica
Orc:2:    st_orc_town, layout_diamond_mine
Elf:1:    minmay_elf_arrival_plus, layout_loops_cross, basic_altar,
          hangedman_elf_represent
Elf:2:    elven_hall_of_blades_hangedman_original [nicolae_blade_bullseye],
          layout_geoelf_grid, mu_enter_wizlab_3, gammafunk_ghost_tricky_traps,
          serial_shops, shop_fountains
Elf:3:    elf_hall, layout_geoelf_castle
Vaults:1: gammafunk_ghost_smash, nicolae_vaults_puzzle_piece, v_misc_22,
          grunt_vaults_hallway_long, nicolae_vaults_triangles,
          nicolae_vaults_little_ls, v_misc_32, v_misc_8, nicolae_vaults_big_ls,
          nicolae_vaults_octagons, vaults_room_stairs_pillars, v_misc_4,
          vaults_mumra_hexcomb, nicolae_vaults_little_squares_2,
          layout_vaults_maze_bifur
Vaults:2: ebering_ghost_inner_flame, v_misc_22, ontoclasm_vaults_ligature,
          v_misc_14, v_rooms_6, hangedman_vaults_stream, nicolae_vaults_theta,
          minmay_crypt_entry_simple_statues, nicolae_vaults_sealed_display,
          st_lattice, v_pattern_5, layout_vaults_omnicross
Vaults:3: portal_desolation_entry_nicolae_slug, nicolae_vaults_border_crossing,
          nicolae_vaults_little_squares_4, grunt_vaults_diagonal,
          vaults_room_door_ring, v_alt_pattern_4, grunt_vaults_trifunnel,
          ontoclasm_vaults_shuriken, vaults_mumra_hex, v_misc_12,
          v_alt_pattern_6, vaults_room_door_hall, v_misc_16, vaults_dpeg_hooks,
          v_misc_24, layout_vaults_omnibox, serial_shops, bzr_entry_water
Vaults:4: gammafunk_ghost_fury_of_okawaru, v_misc_19, dpeg_vaults_monster_box,
          nicolae_vaults_twisting_passages, ontoclasm_vaults_pinch,
          nicolae_vaults_alarming, nicolae_vaults_hallways_thing,
          hangedman_vaults_nails, v_alt_pattern_3, ontoclasm_vaults_eye,
          vaults_dpeg_encased_lava, layout_vaults_omnigrid, uniq_mara,
          uniq_frederick
Vaults:5: uniq_margery
Depths:1: layout_honeycomb, serial_rivers, chequers_serial_rivers_micro_b,
          chequers_serial_rivers_micro_e, chequers_serial_rivers_room_a,
          chequers_serial_rivers_micro_d, chequers_serial_rivers_small_3,
          chequers_serial_rivers_micro_b, hell_entry, grunt_ministairs_5,
          nicolae_titane, grunt_megastairs_2
Depths:2: cheibrodos_tormentor_scu, layout_basic, enter_ziggurat_b,
          lightli_too_deep, rand_demon_pan_entry_7, infiniplex_staircase_spiral,
          firewood_loft, uniq_vv
Depths:3: kennysheep_large_spiral, layout_cave_shapes, hell_entry, abyss_entry,
          lemuel_flame_loot_1, serial_bayou_shore_b, minmay_staircase_statues,
          uniq_sojobo
Depths:4: grunt_zot_entry_tricorne, layout_basic, grunt_decor_fettered,
          serial_shops, bzr_entry_road, hell_entry
Zot:1:    layout_onion
Zot:2:    kennysheep_ambush_hall, layout_twisted_circle
Zot:3:    layout_gridville, serial_nicolae_subway, nicolae_sub_station_crystal,
          nicolae_sub_station_metal, nicolae_sub_station_stone
Zot:4:    layout_onion_interference
Zot:5:    layout_basic

Notes
Turn   | Place    | Note
-------+----------+-------------------------------------------
     0 | D:1      | xzight the Deep Elf Fire Elementalist began the quest for
                  | the Orb.
     0 | D:1      | Reached XP level 1. HP: 10/10 MP: 6/6
   516 | D:1      | Reached XP level 2. HP: 15/15 MP: 1/8
   519 | D:1      | Learned a level 2 spell: Scorch
  1215 | D:1      | Found Hied's One-of-a-Kind Rings.
  1662 | D:2      | Reached skill level 2 in Conjurations
  1781 | D:2      | Reached XP level 3. HP: 19/19 MP: 2/10
  2247 | D:2      | Noticed Terence
  2264 | D:2      | Killed Terence
  2265 | D:2      | Reached skill level 4 in Spellcasting
  2265 | D:2      | Reached skill level 4 in Fire Magic
  2390 | D:2      | Reached XP level 4. HP: 24/24 MP: 7/12
  2488 | D:2      | Noticed Jessica
  2491 | D:2      | Killed Jessica
  2944 | D:3      | Reached skill level 3 in Conjurations
  3581 | D:4      | Reached XP level 5. HP: 28/28 MP: 9/14
  3586 | D:4      | Learned a level 4 spell: Flame Wave
  3589 | D:4      | Learned a level 2 spell: Blink
  3684 | D:4      | Noticed Sigmund
  3690 | D:4      | Killed Sigmund
  3691 | D:4      | Reached skill level 5 in Spellcasting
  3691 | D:4      | Reached skill level 1 in Translocations
  3691 | D:4      | Reached skill level 5 in Fire Magic
  3691 | D:4      | Reached XP level 6. HP: 32/32 MP: 9/16
  3782 | D:4      | Identified +0 pearl dragon scales
  3853 | D:4      | HP: 2/32 [hound (2)]
  3874 | D:5      | Entered Level 5 of the Dungeon
  4038 | D:4      | Reached skill level 2 in Translocations
  4100 | D:4      | Reached skill level 4 in Conjurations
  4236 | D:4      | Noticed a dream sheep
  4236 | D:4      | Noticed a dream sheep
  4236 | D:4      | Noticed a dream sheep
  4236 | D:4      | Noticed a dream sheep
  4236 | D:4      | Noticed a dream sheep
  4236 | D:4      | Found a shimmering altar of Xom.
  4240 | D:4      | Killed a dream sheep
  4240 | D:4      | Killed a dream sheep
  4240 | D:4      | Killed a dream sheep
  4240 | D:4      | Killed a dream sheep
  4241 | D:4      | Killed a dream sheep
  4306 | D:4      | Reached XP level 7. HP: 36/36 MP: 5/17
  4395 | D:4      | Reached skill level 6 in Spellcasting
  4481 | D:4      | Noticed a torpor snail
  4481 | D:4      | Noticed a torpor snail
  4482 | D:4      | Found a snail-covered altar of Cheibriados.
  4483 | D:4      | Noticed a torpor snail
  4967 | D:5      | Reached skill level 3 in Translocations
  5120 | D:5      | Found an iron altar of Okawaru.
  5168 | D:5      | Found Eriubaod's Antique Armour Shoppe.
  5437 | D:5      | Found a glowing golden altar of the Shining One.
  5465 | D:5      | Found a white marble altar of Elyvilon.
  5543 | D:5      | Reached skill level 6 in Fire Magic
  5647 | D:5      | Reached skill level 5 in Conjurations
  5669 | D:5      | Reached skill level 7 in Spellcasting
  6384 | D:6      | Identified the +1 pair of gloves "Abuu" {Will+ Str+4}
  6427 | D:6      | Reached XP level 8. HP: 39/41 MP: 10/20
  6821 | D:6      | Reached skill level 6 in Conjurations
  6950 | D:6      | Reached skill level 7 in Fire Magic
  7001 | D:6      | Reached skill level 8 in Spellcasting
  7072 | D:6      | Noticed Eustachio
  7078 | D:6      | Killed Eustachio
  7462 | D:6      | Found a staircase to the Ecumenical Temple.
  7748 | Temple   | Entered the Ecumenical Temple
  7859 | Temple   | Became a worshipper of Ashenzari the Shackled
  8030 | D:7      | Noticed Pikel
  8045 | D:7      | Killed Pikel
  8046 | D:7      | Reached skill level 8 in Conjurations
  8046 | D:7      | Reached skill level 8 in Fire Magic
  8046 | D:7      | Reached XP level 9. HP: 18/46 MP: 1/23
  8052 | D:7      | Reached skill level 1 in Fighting
  8190 | D:7      | Found a transporter.
  8194 | D:7      | Found a transporter.
  8195 | D:7      | Noticed experimilk's ghost (novice DrCj)
  8198 | D:7      | Noticed a queen bee
  8442 | D:7      | Reached skill level 3 in Dodging
  8516 | D:7      | Noticed Joseph
  8527 | D:7      | Killed Joseph
  8528 | D:7      | Reached skill level 2 in Fighting
  8600 | D:7      | Found a sparkling altar of Nemelex Xobeh.
  8659 | D:7      | Reached skill level 4 in Dodging
  9161 | D:7      | Reached * piety under Ashenzari
  9161 | D:7      | Identified a potion of resistance
  9835 | D:8      | Found Moeleir's Armour Shop.
  9849 | D:8      | Bought a +0 buckler for 54 gold pieces
  9870 | D:8      | Reached skill level 3 in Fighting
  9870 | D:8      | Reached skill level 1 in Evocations
  9871 | D:8      | Reached skill level 5 in Dodging
  9873 | D:8      | Reached skill level 1 in Shields
  9875 | D:8      | Reached skill level 2 in Evocations
  9875 | D:8      | Reached XP level 10. HP: 43/58 MP: 1/25
 10080 | D:7      | Reached skill level 9 in Spellcasting
 10215 | D:7      | Found a transporter.
 10397 | D:7      | Found a sparkling altar of Nemelex Xobeh.
 11122 | D:8      | Reached skill level 6 in Dodging
 11530 | D:8      | Reached ** piety under Ashenzari
 11565 | D:8      | Found Ituch's Weapon Shoppe.
 11896 | D:9      | Reached skill level 4 in Fighting
 11902 | D:9      | Reached skill level 4 in Translocations
 12067 | D:9      | Reached skill level 2 in Shields
 12222 | D:9      | Reached skill level 9 in Conjurations
 12226 | D:9      | Reached skill level 3 in Evocations
 12255 | D:9      | Identified a +1 robe of the Archmagi
 12261 | D:9      | Reached skill level 7 in Dodging
 12534 | D:9      | Found a staircase to the Orcish Mines.
 12887 | D:9      | Found a staircase to the Lair.
 13011 | D:9      | Reached *** piety under Ashenzari
 13278 | D:10     | Entered Level 10 of the Dungeon
 13365 | D:10     | Reached skill level 5 in Fighting
 13400 | D:10     | Identified the cursed +0 helmet of Desmomancy {Alch, Range}
                  | (You found it on level 7 of the Dungeon)
 13400 | D:10     | Identified the cursed +0 pair of boots "Secrets of
                  | Ashenzari" {Fort, Evo} (You found it on level 3 of the
                  | Dungeon)
 13400 | D:10     | Identified the cursed +0 leather armour "Shattered Seeker"
                  | {Comp, Alch} (You found it on level 7 of the Dungeon)
 13760 | D:10     | Noticed a centaur warrior
 13765 | D:10     | Killed a centaur warrior
 13766 | D:10     | Reached skill level 8 in Dodging
 13766 | D:10     | Reached skill level 3 in Shields
 13766 | D:10     | Reached skill level 4 in Evocations
 13766 | D:10     | Reached XP level 11. HP: 58/68 MP: 18/29
 13766 | D:10     | Noticed a purple ugly thing
 13767 | D:10     | Noticed a green ugly thing
 13790 | D:9      | Killed a green ugly thing
 13892 | D:10     | Killed a green ugly thing
 14179 | D:10     | Reached skill level 5 in Evocations
 14264 | D:10     | Reached skill level 10 in Conjurations
 14382 | D:10     | Reached **** piety under Ashenzari
 14725 | D:10     | Identified the +10 falchion of Oqinitsaklu {vorpal, rC+
                  | rN+}
 14738 | D:10     | Noticed a six-headed hydra
 14841 | D:10     | Noticed a swamp dragon
 14862 | D:10     | a swamp dragon changed into a jumping spider
 15056 | D:10     | Identified the ring of Cebof {Ice rPois rCorr Str-2 Dex-5}
 15220 | D:10     | Noticed a wolf spider
 15227 | D:10     | Killed a wolf spider
 15228 | D:10     | Reached skill level 6 in Fighting
 15228 | D:10     | Reached skill level 4 in Shields
 15228 | D:10     | Reached skill level 10 in Spellcasting
 15416 | D:10     | Noticed a tengu warrior
 15427 | D:10     | Killed a tengu warrior
 15602 | D:10     | Noticed a six-headed hydra
 15631 | D:10     | Noticed a red ugly thing
 15632 | D:10     | Noticed a brown ugly thing
 15633 | D:10     | Noticed a red ugly thing
 15634 | D:10     | Noticed a cyan ugly thing
 15670 | D:10     | Killed a six-headed hydra
 15671 | D:10     | Reached skill level 9 in Dodging
 15743 | D:10     | Killed a six-headed hydra
 15744 | D:10     | Reached skill level 9 in Fire Magic
 16025 | D:10     | Killed a red ugly thing
 16034 | D:10     | Killed a cyan ugly thing
 16035 | D:10     | Reached skill level 11 in Spellcasting
 16037 | D:10     | Killed a cyan ugly thing
 16038 | D:10     | Reached XP level 12. HP: 56/75 MP: 13/31
 16592 | D:11     | Learned a level 4 spell: Airstrike
 16859 | D:11     | Reached skill level 10 in Dodging
 17058 | D:11     | Reached skill level 1 in Air Magic
 17110 | D:11     | Reached skill level 10 in Fire Magic
 17110 | D:11     | Reached skill level 2 in Air Magic
 17240 | D:11     | Noticed a boulder beetle
 17616 | Lair:1   | Entered Level 1 of the Lair of Beasts
 17628 | Lair:1   | Reached skill level 3 in Air Magic
 17752 | Lair:1   | Reached skill level 4 in Air Magic
 18168 | Lair:1   | Reached ***** piety under Ashenzari
 18177 | Lair:1   | Reached skill level 5 in Air Magic
 18340 | Lair:1   | Noticed a boulder beetle
 18390 | Lair:1   | Killed a boulder beetle
 18537 | Lair:1   | Reached skill level 6 in Air Magic
 18661 | Lair:1   | Noticed Sonja
 18667 | Lair:1   | Killed Sonja
 18668 | Lair:1   | Reached skill level 7 in Air Magic
 19344 | Lair:2   | Reached skill level 8 in Air Magic
 19527 | Lair:2   | Noticed Gastronok
 19550 | Lair:2   | Killed Gastronok
 20107 | Lair:2   | Reached XP level 13. HP: 44/83 MP: 21/35
 20404 | Lair:2   | Found a blossoming altar of Fedhas.
 20720 | Lair:3   | Reached ****** piety under Ashenzari
 21292 | Lair:3   | Reached skill level 11 in Dodging
 21294 | Lair:3   | Reached skill level 9 in Air Magic
 21298 | Lair:3   | Reached skill level 7 in Fighting
 21513 | Lair:3   | Found a staircase to the Swamp.
 22112 | Lair:3   | Found a staircase to the Snake Pit.
 22764 | Lair:4   | Reached skill level 10 in Air Magic
 23415 | Lair:4   | Reached skill level 11 in Air Magic
 23891 | Lair:4   | Found a staircase to the Slime Pits.
 23891 | Lair:4   | Found a viscous altar of Jiyva.
 23962 | Lair:4   | Reached skill level 12 in Air Magic
 24093 | Lair:4   | Identified the +6 flail "Wisaom" {vorpal, rF+}
 24560 | Lair:5   | Entered Level 5 of the Lair of Beasts
 24580 | Lair:5   | Reached XP level 14. HP: 90/90 MP: 20/36
 25113 | Lair:5   | Reached skill level 11 in Fire Magic
 25344 | Lair:5   | Reached skill level 12 in Fire Magic
 25345 | Lair:5   | Reached skill level 11 in Conjurations
 26112 | Lair:5   | Reached skill level 5 in Shields
 26121 | Lair:5   | Reached skill level 12 in Dodging
 26967 | Lair:5   | Reached skill level 8 in Fighting
 27589 | Orc:1    | Entered Level 1 of the Orcish Mines
 27707 | Orc:1    | Noticed Erica
 27713 | Orc:1    | Killed Erica
 27714 | Orc:1    | Reached skill level 6 in Shields
 28091 | Orc:1    | Noticed Josephine
 28098 | Orc:1    | Killed Josephine
 28099 | Orc:1    | Reached skill level 13 in Dodging
 28338 | Orc:1    | Found Dythuph's Mayhem Merchandise.
 28345 | Orc:1    | Bought a book of Fire for 480 gold pieces
 28351 | Orc:1    | Learned a level 5 spell: Fireball
 28358 | Orc:1    | Learned a level 6 spell: Starburst
 28651 | Orc:2    | Entered Level 2 of the Orcish Mines
 29662 | Orc:2    | Reached XP level 15. HP: 100/100 MP: 31/37
 30281 | Orc:2    | Found a staircase to the Elven Halls.
 30425 | Orc:2    | Found Kosiel's Magic Scroll Shoppe.
 30425 | Orc:2    | Found Valear's Book Boutique.
 30433 | Orc:2    | Bought a scroll of teleportation for 45 gold pieces
 30519 | Orc:2    | Found Vuwkucw's Armour Shoppe.
 30519 | Orc:2    | Found Reoloi's Weapon Boutique.
 30963 | Orc:1    | Bought the Unrestrained Analects for 704 gold pieces
 30972 | Orc:1    | Learned a level 8 spell: Ignition
 31165 | D:12     | Reached skill level 13 in Fire Magic
 33011 | D:13     | Reached skill level 14 in Fire Magic
 33834 | D:13     | Reached skill level 15 in Fire Magic
 34219 | D:14     | Found a gate to the Vaults.
 34740 | D:14     | Reached skill level 16 in Fire Magic
 35404 | D:15     | Entered Level 15 of the Dungeon
 35652 | D:15     | Reached skill level 17 in Fire Magic
 35791 | D:15     | Reached XP level 16. HP: 101/107 MP: 23/39
 36274 | D:15     | Noticed Azrael
 36776 | D:15     | Killed Azrael
 37284 | D:15     | Reached skill level 18 in Fire Magic
 37589 | D:15     | Found a staircase to the Depths.
 37864 | Swamp:1  | Entered Level 1 of the Swamp
 37994 | Swamp:1  | Reached skill level 12 in Spellcasting
 38057 | Swamp:1  | Identified the +10 scale mail of the Spider Nest {Contam
                  | rElec Str+2 Int+2}
 38702 | Swamp:1  | Reached skill level 13 in Spellcasting
 38966 | Swamp:2  | Noticed Kirke
 38974 | Swamp:2  | Killed Kirke
 39157 | Swamp:2  | Noticed Nikola
 39169 | Swamp:2  | Killed Nikola
 39468 | Swamp:2  | Found a runed translucent gate.
 39470 | Swamp:2  | Found a runed translucent gate.
 39470 | Swamp:2  | Noticed Fiugearo's ghost (adept MiFi)
 39471 | Swamp:2  | Found a runed translucent gate.
 39492 | Swamp:2  | Reached skill level 1 in Armour
 39846 | Swamp:2  | Reached skill level 9 in Fighting
 39922 | Swamp:2  | Reached skill level 14 in Spellcasting
 40355 | Swamp:2  | Noticed Aizul
 40359 | Swamp:2  | Killed Aizul
 41051 | Swamp:3  | Reached XP level 17. HP: 112/112 MP: 27/42
 41623 | Swamp:3  | Reached skill level 12 in Conjurations
 41937 | Swamp:4  | Entered Level 4 of the Swamp
 42090 | Swamp:4  | Noticed Roxanne
 42952 | Swamp:4  | Reached skill level 14 in Dodging
 43230 | Swamp:4  | Noticed Donald
 43234 | Swamp:4  | Killed Donald
 43235 | Swamp:4  | Reached skill level 15 in Spellcasting
 43240 | Swamp:4  | Noticed Louise
 43437 | Swamp:4  | Killed Louise
 43900 | Swamp:4  | Reached skill level 13 in Air Magic
 44623 | Swamp:4  | Learned a level 1 spell: Apportation
 44624 | Swamp:4  | Got a decaying rune of Zot
 44798 | Snake:1  | Entered Level 1 of the Snake Pit
 45142 | Snake:1  | Reached skill level 10 in Fighting
 45966 | Snake:1  | Reached skill level 13 in Conjurations
 47161 | Snake:1  | Learned a level 6 spell: Dispersal
 47445 | Snake:2  | Reached skill level 5 in Translocations
 47834 | Snake:2  | Reached skill level 6 in Translocations
 47840 | Snake:2  | Reached XP level 18. HP: 86/120 MP: 3/46
 48151 | Snake:2  | Reached skill level 7 in Translocations
 48838 | Snake:3  | Reached skill level 2 in Armour
 49142 | Snake:3  | Found Nimiq's Vocational Training.
 49149 | Snake:3  | Reached skill level 3 in Armour
 49507 | Snake:3  | Reached skill level 4 in Armour
 49745 | Snake:3  | Noticed Vashnia
 49752 | Snake:3  | Killed Vashnia
 49753 | Snake:3  | Reached skill level 15 in Dodging
 50718 | Snake:4  | Entered Level 4 of the Snake Pit
 51223 | Snake:4  | Reached skill level 16 in Dodging
 51278 | Snake:4  | Reached skill level 16 in Spellcasting
 51941 | Snake:3  | Reached skill level 17 in Spellcasting
 52627 | Snake:4  | Found Vaepla's Book Shop.
 52627 | Snake:4  | Found Hustrauqu's Jewellery Emporium.
 52628 | Snake:4  | Found Biruacuo's Book Shop.
 52644 | Snake:4  | Bought a book of Iron for 432 gold pieces
 52644 | Snake:4  | Bought Great Wizards, Vol. II for 456 gold pieces
 52650 | Snake:4  | Learned a level 5 spell: Borgnjor's Vile Clutch
 52657 | Snake:4  | Learned a level 6 spell: Iron Shot
 52816 | Snake:4  | Reached skill level 1 in Necromancy
 52816 | Snake:4  | Reached skill level 1 in Earth Magic
 53104 | Snake:4  | Reached skill level 2 in Necromancy
 53212 | Snake:4  | Reached skill level 2 in Earth Magic
 53466 | Snake:4  | Reached skill level 3 in Necromancy
 53649 | Snake:4  | Reached skill level 3 in Earth Magic
 53837 | Snake:4  | Reached skill level 4 in Necromancy
 53990 | Snake:4  | Reached skill level 4 in Earth Magic
 54356 | Snake:4  | Reached skill level 5 in Necromancy
 54414 | Snake:4  | Got a serpentine rune of Zot
 54688 | Snake:4  | Found Vaepla's Book Shop.
 54688 | Snake:4  | Found Hustrauqu's Jewellery Emporium.
 54689 | Snake:4  | Found Biruacuo's Book Shop.
 55480 | Vaults:1 | Entered Level 1 of the Vaults
 55551 | Vaults:1 | Reached skill level 5 in Earth Magic
 55800 | Vaults:1 | Reached skill level 6 in Necromancy
 55977 | Vaults:1 | Reached XP level 19. HP: 94/125 MP: 44/48
 56114 | Vaults:1 | Learned a level 5 spell: Arcjolt
 56116 | Vaults:1 | Reached skill level 6 in Earth Magic
 56162 | Vaults:1 | Reached skill level 7 in Necromancy
 56472 | Vaults:1 | Reached skill level 7 in Earth Magic
 56884 | Vaults:1 | Reached skill level 8 in Earth Magic
 57333 | Vaults:1 | Reached skill level 9 in Earth Magic
 57711 | Vaults:1 | Reached skill level 6 in Evocations
 57910 | Vaults:1 | Reached skill level 7 in Evocations
 58389 | Vaults:1 | Reached skill level 8 in Evocations
 58789 | Vaults:1 | Identified a scroll of acquirement
 58853 | Vaults:1 | Acquired 830 gold pieces
 58954 | Vaults:1 | Noticed demibob's ghost (adept TrCK)
 58954 | Vaults:1 | Identified the +5 giant spiked club "Pomurr" {flame, Str-2
                  | Int+4 Stlth+}
 58955 | Vaults:1 | Found a transporter.
 58955 | Vaults:1 | Identified the +5 rapier of Spores {freeze, rF+}
 58959 | Vaults:1 | Found a transporter.
 59008 | Vaults:1 | Reached skill level 8 in Necromancy
 59008 | Vaults:1 | Reached skill level 10 in Earth Magic
 60317 | Elf:1    | Entered Level 1 of the Elven Halls
 60322 | Elf:1    | Reached skill level 5 in Armour
 60686 | Elf:1    | Reached skill level 6 in Armour
 60780 | Elf:1    | Found an ancient bone altar of Kikubaaqudgha.
 60884 | Elf:1    | Reached skill level 9 in Necromancy
 61209 | Elf:1    | Reached skill level 7 in Armour
 61561 | Elf:1    | Reached skill level 8 in Armour
 62175 | Elf:2    | Reached skill level 9 in Armour
 62418 | Elf:2    | Reached XP level 20. HP: 128/128 MP: 21/48
 62628 | Elf:2    | Reached skill level 10 in Armour
 62794 | Elf:2    | Found Massiaxt's Magic Scroll Boutique.
 62832 | Elf:2    | Bought a scroll of acquirement for 728 gold pieces
 62832 | Elf:2    | Acquired 701 gold pieces
 62836 | Elf:2    | Found a runed translucent gate.
 62836 | Elf:2    | Found a runed translucent gate.
 62837 | Elf:2    | Found a runed translucent gate.
 63048 | Elf:2    | Noticed Veekh's ghost (adept DjHW)
 63055 | Elf:2    | Identified the -1 cloak "Fiek" {Fly rC+ Int-4}
 63552 | Elf:2    | Found a runed translucent gate.
 63552 | Elf:2    | Found a runed translucent gate.
 63552 | Elf:2    | Found a runed translucent gate.
 63669 | Elf:3    | Entered Level 3 of the Elven Halls
 64683 | Elf:3    | Reached skill level 11 in Armour
 65507 | Elf:3    | Identified the +3 war axe of the Seven Olives {freeze,
                  | rElec Stlth+}
 65968 | Elf:3    | Paralysed by an air elemental for 1 turns
 65970 | Elf:3    | Paralysed by an air elemental for 1 turns
 65975 | Elf:3    | Reached skill level 11 in Fighting
 66332 | Elf:3    | Identified the +5 chain mail "Cidghoeku" {rElec rCorr Str+8
                  | Int-5}
 66337 | Elf:3    | Identified the +5 bardiche "Pendulum" {freeze, rN+ Int+4
                  | Dex+2 Stlth-}
 66337 | Elf:3    | Identified the +0 robe of Vuxughut {Harm +Inv Will+ Stlth+}
 66343 | Elf:3    | Identified the ring of Ruiwnowi {Ice rN+ Str-5 Dex+4
                  | Slay+3}
 66565 | Elf:3    | Identified the +2 leather armour of the Old and Reckless
                  | {rF- Dex+6 SInv}
 66932 | Elf:3    | Identified the +4 dagger "Hydrabane" {flame, Dex+7}
 67651 | Vaults:2 | Reached skill level 18 in Spellcasting
 67652 | Vaults:2 | Reached skill level 14 in Conjurations
 69204 | Vaults:2 | Found a staircase to the Crypt.
 69252 | Vaults:2 | Found a runed translucent door.
 69252 | Vaults:2 | Noticed Vairuzis's ghost (adept AtWr)
 69412 | Vaults:2 | HP: 1/134 [tengu reaver/bolt of lightning (35)]
 70015 | Vaults:2 | Reached XP level 21. HP: 139/139 MP: 36/51
 70550 | Vaults:2 | Reached skill level 12 in Fighting
 71077 | Vaults:3 | Reached skill level 19 in Spellcasting
 71119 | Vaults:3 | Found a flickering gateway to a bazaar.
 71128 | Bazaar   | Entered a bazaar
 71130 | Bazaar   | Found Byanlul's Magic Scroll Boutique.
 71134 | Bazaar   | Bought a scroll of magic mapping for 45 gold pieces
 71134 | Bazaar   | Bought a scroll of enchant armour for 45 gold pieces
 71134 | Bazaar   | Found Xikly's Assorted Antiques.
 71134 | Bazaar   | Found Vobroel's Antique Armour Boutique.
 71134 | Bazaar   | Found Dokhlutext's Assorted Antiques.
 71139 | Bazaar   | Bought a potion of heal wounds for 175 gold pieces
 71139 | Bazaar   | Bought a potion of haste for 350 gold pieces
 71152 | Bazaar   | Bought a scroll of teleportation for 54 gold pieces
 71152 | Bazaar   | Bought a potion of curing for 54 gold pieces
 71152 | Bazaar   | Bought 2 scrolls of blinking for 270 gold pieces
 72183 | Vaults:3 | Reached skill level 20 in Spellcasting
 73291 | Vaults:3 | Reached skill level 21 in Spellcasting
 73641 | Vaults:4 | Noticed Frederick
 73645 | Vaults:4 | Killed Frederick
 73768 | Vaults:4 | Reached skill level 15 in Conjurations
 73802 | Vaults:4 | Reached skill level 19 in Fire Magic
 74070 | Vaults:4 | Found Cyon's Weapon Boutique.
 74465 | Vaults:4 | Reached skill level 14 in Air Magic
 74493 | Vaults:4 | Noticed Mara
 74948 | Vaults:4 | Killed Mara
 75422 | Vaults:4 | Found a runed translucent gate.
 75422 | Vaults:4 | Found a runed translucent gate.
 75422 | Vaults:4 | Found a runed translucent gate.
 75424 | Vaults:4 | Noticed Ixoes's ghost (veteran DgFi)
 75424 | Vaults:4 | Identified the +0 robe of Precision Catastrophes {Will+}
 75749 | Vaults:4 | Identified the +6 battleaxe "Misigeji" {freeze, rElec rF-
                  | rN+}
 75927 | Vaults:4 | Found an iron altar of Okawaru.
 75977 | Vaults:5 | Entered Level 5 of the Vaults
 75977 | Vaults:5 | Identified the +2 chain mail "Hoagisch" {rCorr Str+2 Int-4
                  | Stlth+}
 75979 | Vaults:5 | Reached skill level 11 in Earth Magic
 75979 | Vaults:5 | Reached XP level 22. HP: 119/148 MP: 55/55
 76025 | Vaults:5 | Identified the +1 leather armour of the Goldsmith {rPois
                  | rF- rCorr}
 76275 | Vaults:4 | Reached skill level 16 in Conjurations
 76347 | Vaults:5 | Noticed an ancient lich
 76515 | Vaults:5 | Reached skill level 12 in Earth Magic
 76656 | Vaults:5 | Killed an ancient lich
 76994 | Vaults:5 | Reached skill level 15 in Air Magic
 77101 | Vaults:5 | Reached skill level 20 in Fire Magic
 77611 | Vaults:5 | Noticed Margery
 77618 | Vaults:5 | Killed Margery
 77738 | Vaults:5 | Got a silver rune of Zot
 78170 | Vaults:5 | Identified the +10 glaive of Incongruity {vorpal, Int+2
                  | SInv}
 78256 | Vaults:5 | Noticed an ancient lich
 78413 | Vaults:5 | Noticed a golden dragon
 78565 | Vaults:4 | Reached skill level 9 in Evocations
 78974 | Vaults:5 | Noticed a golden dragon
 78979 | Vaults:5 | Killed a golden dragon
 79363 | Vaults:5 | Killed an ancient lich
 79886 | Vaults:5 | Identified the +1 leather armour of the Sturgeon {rPois
                  | Will+ Dex+6}
 80145 | Vaults:5 | Found Hubbyeq's Magic Scroll Boutique.
 80157 | Vaults:5 | Found Vudunlef's Distillery.
 80162 | Vaults:5 | Bought a potion of mutation for 152 gold pieces
 80162 | Vaults:5 | Bought 2 potions of mutation for 304 gold pieces
 80169 | Vaults:5 | Found Dan Riog's Magic Scroll Shop.
 80186 | Vaults:5 | Found Fotoul's Magic Scroll Shoppe.
 80191 | Vaults:5 | Bought a scroll of blinking for 75 gold pieces
 80191 | Vaults:5 | Bought a scroll of teleportation for 30 gold pieces
 80212 | Vaults:5 | Found Optec's Magic Scroll Emporium.
 80216 | Vaults:5 | Reached XP level 23. HP: 153/153 MP: 50/56
 80258 | Vaults:5 | Bought a scroll of teleportation for 48 gold pieces
 80265 | Vaults:5 | Found Riwojec's Distillery.
 80265 | Vaults:5 | Found Leric's Magic Scroll Boutique.
 80270 | Vaults:5 | Bought a potion of mutation for 184 gold pieces
 80454 | Vaults:5 | Found Eqixzat's Assorted Antiques.
 80518 | Vaults:5 | Bought 2 potions of haste for 460 gold pieces
 80638 | Vaults:5 | Gained mutation: Your system is resistant to poisons.
                  | (rPois) [potion of mutation]
 80638 | Vaults:5 | Gained mutation: You possess an exceptional clarity of
                  | mind. [potion of mutation]
 80638 | Vaults:5 | Lost mutation: You possess an exceptional clarity of mind.
                  | [potion of mutation]
 80638 | Vaults:5 | Gained mutation: Your flesh is heat resistant. (rF+)
                  | [potion of mutation]
 80639 | Vaults:5 | Lost mutation: Your flesh is heat resistant. (rF+) [potion
                  | of mutation]
 80639 | Vaults:5 | Lost mutation: Your system is resistant to poisons. (rPois)
                  | [potion of mutation]
 80639 | Vaults:5 | Gained mutation: You passively dampen the noise of your
                  | surroundings. [potion of mutation]
 80639 | Vaults:5 | Gained mutation: Your muscles are strong. (Str +4, Int/Dex
                  | -1) [potion of mutation]
 80639 | Vaults:5 | Gained mutation: You are frail. (-10% HP) [potion of
                  | mutation]
 80640 | Vaults:5 | Lost mutation: Your muscles are strong. (Str +4, Int/Dex
                  | -1) [potion of mutation]
 80640 | Vaults:5 | Lost mutation: You are frail. (-10% HP) [potion of
                  | mutation]
 80640 | Vaults:5 | Gained mutation: You have large cloven feet. [potion of
                  | mutation]
 80640 | Vaults:5 | Gained mutation: You are covered in fur. (AC +1) [potion of
                  | mutation]
 80641 | Vaults:5 | Lost mutation: You have large cloven feet. [potion of
                  | mutation]
 80641 | Vaults:5 | Lost mutation: You are covered in fur. (AC +1) [potion of
                  | mutation]
 80641 | Vaults:5 | Lost mutation: You passively dampen the noise of your
                  | surroundings. [potion of mutation]
 80641 | Vaults:5 | Gained mutation: You passively map a small area around you.
                  | [potion of mutation]
 80641 | Vaults:5 | Gained mutation: Your muscles are strong. (Str +4, Int/Dex
                  | -1) [potion of mutation]
 80641 | Vaults:5 | Gained mutation: Your flesh is heat resistant. (rF+)
                  | [potion of mutation]
 80642 | Vaults:5 | Lost mutation: Your flesh is heat resistant. (rF+) [potion
                  | of mutation]
 80642 | Vaults:5 | Lost mutation: You passively map a small area around you.
                  | [potion of mutation]
 80642 | Vaults:5 | Lost mutation: Your muscles are strong. (Str +4, Int/Dex
                  | -1) [potion of mutation]
 80642 | Vaults:5 | Gained mutation: You are somewhat resistant to further
                  | mutation. [potion of mutation]
 80642 | Vaults:5 | Gained mutation: You possess an exceptional clarity of
                  | mind. [potion of mutation]
 80643 | Vaults:5 | Lost mutation: You possess an exceptional clarity of mind.
                  | [potion of mutation]
 80643 | Vaults:5 | Lost mutation: You are somewhat resistant to further
                  | mutation. [potion of mutation]
 80643 | Vaults:5 | Gained mutation: You are resistant to electric shocks.
                  | (rElec) [potion of mutation]
 80643 | Vaults:5 | Gained mutation: You occasionally lose the ability to drink
                  | potions when taking damage. [potion of mutation]
 80644 | Vaults:5 | Lost mutation: You are resistant to electric shocks.
                  | (rElec) [potion of mutation]
 80644 | Vaults:5 | Lost mutation: You occasionally lose the ability to drink
                  | potions when taking damage. [potion of mutation]
 80644 | Vaults:5 | Gained mutation: Your spells are a little harder to cast,
                  | but a little more powerful. [potion of mutation]
 80644 | Vaults:5 | Gained mutation: You are strong-willed. (Will+) [potion of
                  | mutation]
 80645 | Vaults:5 | Lost mutation: You are strong-willed. (Will+) [potion of
                  | mutation]
 80645 | Vaults:5 | Lost mutation: Your spells are a little harder to cast, but
                  | a little more powerful. [potion of mutation]
 80645 | Vaults:5 | Gained mutation: Your spells are a little easier to cast,
                  | but a little less powerful. [potion of mutation]
 80645 | Vaults:5 | Gained mutation: You expend magic power (3 MP) to
                  | strengthen your wands. [potion of mutation]
 80646 | Vaults:5 | Lost mutation: You expend magic power (3 MP) to strengthen
                  | your wands. [potion of mutation]
 80646 | Vaults:5 | Lost mutation: Your spells are a little easier to cast, but
                  | a little less powerful. [potion of mutation]
 80646 | Vaults:5 | Gained mutation: You are robust. (+10% HP) [potion of
                  | mutation]
 80646 | Vaults:5 | Gained mutation: You are occasionally teleported next to
                  | monsters. [potion of mutation]
 80646 | Vaults:5 | Gained mutation: Potions are less effective at restoring
                  | your health. [potion of mutation]
 80646 | Vaults:5 | Gained mutation: Your system is resistant to poisons.
                  | (rPois) [potion of mutation]
 80647 | Vaults:5 | Lost mutation: Potions are less effective at restoring your
                  | health. [potion of mutation]
 80647 | Vaults:5 | Lost mutation: Your system is resistant to poisons. (rPois)
                  | [potion of mutation]
 80647 | Vaults:5 | Gained mutation: You have sharp toenails. [potion of
                  | mutation]
 80647 | Vaults:5 | Gained mutation: Your body sometimes deteriorates upon
                  | taking damage. [potion of mutation]
 80647 | Vaults:5 | Gained mutation: You are agile. (Dex +4, Str/Int -1)
                  | [potion of mutation]
 80648 | Vaults:5 | Lost mutation: You are agile. (Dex +4, Str/Int -1) [potion
                  | of mutation]
 80648 | Vaults:5 | Lost mutation: You are robust. (+10% HP) [potion of
                  | mutation]
 80648 | Vaults:5 | Lost mutation: You are occasionally teleported next to
                  | monsters. [potion of mutation]
 80648 | Vaults:5 | Gained mutation: You are agile. (Dex +4, Str/Int -1)
                  | [potion of mutation]
 80648 | Vaults:5 | Gained mutation: You are very agile. (Dex +8, Str/Int -2)
                  | [potion of mutation]
 80649 | Vaults:5 | Lost mutation: You have sharp toenails. [potion of
                  | mutation]
 80649 | Vaults:5 | Lost mutation: Your body sometimes deteriorates upon taking
                  | damage. [potion of mutation]
 80649 | Vaults:5 | Lost mutation: You are very agile. (Dex +8, Str/Int -2)
                  | [potion of mutation]
 80649 | Vaults:5 | Gained mutation: Your body sometimes deteriorates upon
                  | taking damage. [potion of mutation]
 80650 | Vaults:5 | Lost mutation: You are agile. (Dex +4, Str/Int -1) [potion
                  | of mutation]
 80650 | Vaults:5 | Lost mutation: Your body sometimes deteriorates upon taking
                  | damage. [potion of mutation]
 80650 | Vaults:5 | Gained mutation: You are strong-willed. (Will+) [potion of
                  | mutation]
 80650 | Vaults:5 | Gained mutation: You are agile. (Dex +4, Str/Int -1)
                  | [potion of mutation]
 80650 | Vaults:5 | Gained mutation: Your muscles are strong. (Str +4, Int/Dex
                  | -1) [potion of mutation]
 81144 | Depths:1 | Entered Level 1 of the Depths
 81227 | Depths:1 | Reached skill level 13 in Earth Magic
 81268 | Depths:1 | Reached skill level 10 in Necromancy
 81555 | Depths:1 | Found a gateway to Hell.
 82908 | Depths:2 | Reached skill level 17 in Conjurations
 83078 | Depths:2 | Found a one-way gate leading to the halls of Pandemonium.
 83909 | Depths:2 | Found a one-way gateway to a ziggurat.
 83912 | Depths:2 | Noticed Vv
 84086 | Depths:2 | Killed Vv
 84455 | Zig:1    | Entered Level 1 of a ziggurat
 84528 | Zig:2    | Entered Level 2 of a ziggurat
 84599 | Zig:3    | Entered Level 3 of a ziggurat
 84679 | Zig:4    | Entered Level 4 of a ziggurat
 84783 | Zig:5    | Entered Level 5 of a ziggurat
 84789 | Zig:5    | Reached skill level 16 in Air Magic
 84925 | Zig:6    | Entered Level 6 of a ziggurat
 84931 | Zig:6    | Noticed a royal mummy
 84936 | Zig:6    | Reached skill level 11 in Necromancy
 84938 | Zig:6    | Killed a royal mummy
 85100 | Zig:7    | Entered Level 7 of a ziggurat
 85107 | Zig:7    | Identified the +0 pair of boots "Jamivit" {*Corrode rElec
                  | Int+5 Slay+3}
 85107 | Zig:7    | Identified the +2 cloak "Kerualec" {Will+ Slay+5}
 85108 | Zig:7    | Noticed Wise the pandemonium lord
 85110 | Zig:7    | Killed Wise the pandemonium lord
 85204 | Zig:8    | Entered Level 8 of a ziggurat
 85219 | Zig:8    | HP: 15/153 [balrug/divine providence (14)]
 85219 | Zig:8    | HP: 6/153 [balrug/divine providence (9)]
 85892 | Depths:3 | Noticed Sojobo
 86131 | Depths:3 | Identified +0 pearl dragon scales
 86209 | Depths:3 | Killed Sojobo
 86457 | Depths:3 | Reached skill level 21 in Fire Magic
 86466 | Depths:3 | Reached skill level 14 in Earth Magic
 86641 | Depths:3 | Found a one-way gate to the infinite horrors of the Abyss.
 88079 | Depths:3 | Noticed a juggernaut
 88080 | Depths:3 | Noticed a caustic shrike
 88083 | Depths:3 | Killed a caustic shrike
 88084 | Depths:3 | Killed a juggernaut
 88085 | Depths:3 | Reached skill level 12 in Necromancy
 88502 | Depths:4 | Entered Level 4 of the Depths
 88750 | Depths:4 | Reached XP level 24. HP: 84/154 MP: 54/56
 88767 | Depths:4 | Found a flickering gateway to a bazaar.
 88773 | Bazaar   | Entered a bazaar
 88830 | Bazaar   | Found Laffurun's Jewellery Emporium.
 88830 | Bazaar   | Found Ufulamm's Magic Scroll Shoppe.
 88840 | Bazaar   | Bought a scroll of magic mapping for 135 gold pieces
 88842 | Bazaar   | Bought a ring of protection from cold for 275 gold pieces
 89041 | Depths:4 | Reached skill level 18 in Conjurations
 89438 | Depths:4 | Found a gate to the Realm of Zot.
 90778 | Depths:4 | Learned a level 5 spell: Lee's Rapid Deconstruction
 91114 | Slime:1  | Entered Level 1 of the Pits of Slime
 91658 | Slime:5  | Entered Level 5 of the Pits of Slime
 91676 | Slime:5  | Reached skill level 13 in Necromancy
 91678 | Slime:5  | Noticed the Royal Jelly
 91679 | Slime:5  | Reached skill level 17 in Air Magic
 91679 | Slime:5  | Reached skill level 15 in Earth Magic
 91843 | Slime:5  | Killed the Royal Jelly
 91858 | Slime:5  | HP: 14/159 [acid (17)]
 91859 | Slime:5  | HP: 4/159 [acid (24)]
 92171 | Slime:5  | Gained mutation: You are occasionally teleported next to
                  | monsters. [a shining eye]
 92398 | Slime:5  | Lost mutation: You are occasionally teleported next to
                  | monsters. [potion of mutation]
 92398 | Slime:5  | Lost mutation: You are agile. (Dex +4, Str/Int -1) [potion
                  | of mutation]
 92398 | Slime:5  | Gained mutation: You are partially covered in iridescent
                  | scales. (AC +2) [potion of mutation]
 92398 | Slime:5  | Gained mutation: You are agile. (Dex +4, Str/Int -1)
                  | [potion of mutation]
 92398 | Slime:5  | Gained mutation: You are mostly covered in iridescent
                  | scales. (AC +4) [potion of mutation]
 92398 | Slime:5  | Gained mutation: Your movements are slightly less
                  | encumbered by armour. (ER -2) [potion of mutation]
 92416 | Slime:5  | Identified the +11 war axe "Buloutub" {vorpal, rN+++ Int-2}
 92416 | Slime:5  | Found the +5 Lochaber axe {reach-cleave, poleaxe, Drain}
 92416 | Slime:5  | Identified the ring "Aridik" {rPois Str+6}
 92416 | Slime:5  | Identified the +1 plate armour "Peuv" {rN+ rCorr}
 92526 | Slime:5  | Identified the +11 flail of Malaise {drain, rC+ rN++ Str-2
                  | Stlth+}
 92531 | Slime:5  | Identified the Vellum of the Viperous Grave
 92583 | Slime:5  | Got a slimy rune of Zot
 93491 | Zot:1    | Entered Level 1 of the Realm of Zot
 94310 | Zot:1    | Reached skill level 22 in Fire Magic
 94959 | Zot:2    | Reached skill level 14 in Necromancy
 95209 | Zot:2    | Reached skill level 19 in Conjurations
 96252 | Zot:2    | Reached XP level 25. HP: 164/164 MP: 55/56
 96809 | Zot:3    | Found a transporter.
 96810 | Zot:3    | Found a transporter.
 96831 | Zot:3    | Reached skill level 16 in Earth Magic
 96859 | Zot:3    | Found a transporter.
 96861 | Zot:3    | Found a transporter.
 96900 | Zot:3    | Found a transporter.
 96902 | Zot:3    | Found a transporter.
 97025 | Zot:3    | Identified the +9 broad axe of Guilt {protect, rElec Int+6
                  | SInv}
 98508 | Zot:3    | Reached skill level 18 in Air Magic
 98780 | Zot:4    | Noticed a curse toe
 98788 | Zot:4    | Killed a curse toe
 98862 | Zot:4    | Reached skill level 15 in Necromancy
 99047 | Zot:4    | Identified the +1 cloak "Ycragato" {+Inv rC+ Dex-4}
 99211 | Zot:5    | Entered Level 5 of the Realm of Zot
100727 | Zot:5    | Noticed an orb of fire
100728 | Zot:5    | Noticed an orb of fire
100730 | Zot:5    | Noticed an orb of fire
100733 | Zot:5    | Noticed an orb of fire
100741 | Zot:5    | Lost mutation: You are agile. (Dex +4, Str/Int -1) [an orb
                  | of fire]
100795 | Zot:4    | Gained mutation: You have a somewhat thin skeletal
                  | structure. (Dex +2, Stealth+) [an orb of fire]
100797 | Zot:4    | Killed an orb of fire
100887 | Zot:5    | Noticed an orb of fire
100896 | Zot:5    | Noticed an orb of fire
100904 | Zot:4    | Killed from afar by an orb of fire

Vanquished Creatures
  the Royal Jelly (Slime:5)
  An orb of fire (Zot:4)
  Mara (Vaults:4)
  2 ancient liches (Vaults:5)
  A juggernaut (Depths:3)
  A royal mummy (Zig:6)
  Sojobo (Depths:3)
  Vv (Depths:2)
  A curse toe (Zot:4)
  Margery (Vaults:5)
  Vashnia (Snake:3)
  A pandemonium lord (Zig:7)
  Frederick (Vaults:4)
  A caustic shrike (Depths:3)
  Nikola (Swamp:2)
  4 golden dragons
  A bone dragon (Depths:4)
  3 Tzitzimimeh
  13 tentacled monstrosities
  5 liches
  9 titans
  A walking earthen tome (Depths:4)
  4 deep elf master archers
  5 quicksilver dragons
  6 Orb Guardians (Zot:5)
  20 acid blobs
  2 deep elf blademasters (Elf:3)
  4 death cobs
  3 sphinxes
  Kirke (Swamp:2)
  10 tengu reavers
  Gastronok (Lair:2)
  9 shadow dragons
  5 rockslimes
  9 storm dragons
  A thorn hunter (Swamp:3)
  6 draconian monks
  Donald (Swamp:4)
  A fenstrider witch (Swamp:4)
  6 nagarajas (Snake:4)
  10 azure jellies
  2 fire giants
  4 draconian knights
  An iron dragon (Vaults:4)
  8 deep elf sorcerers
  A caustic shrike zombie (Depths:2)
  12 frost giants
  6 draconian scorchers
  Aizul (Swamp:2)
  Louise (Swamp:4)
  A balrug (Depths:2)
  5 draconian stormcallers
  2 deep elf elementalists (Elf:3)
  An orc warlord (Vaults:3)
  A reaper (Zig:7)
  4 draconian shifters
  22 vault wardens
  19 ironbound preservers
  25 very ugly things
  7 draconian annihilators
  3 ghouls (Swamp:3)
  3 war gargoyles
  A broodmother (shapeshifter) (Vaults:4)
  8 quicksilver oozes
  A vampire knight (Vaults:2)
  10 stone giants
  8 ironbound thunderhulks
  A demonspawn black sun (Zig:7)
  10 green draconians
  7 white draconians
  3 eleionomae
  11 black draconians
  7 deep elf demonologists
  12 dire elephants
  Azrael (D:15)
  10 deep elf annihilators
  7 yellow draconians
  3 bunyips
  A spark wasp (Swamp:2)
  4 purple draconians
  13 red draconians
  7 deep elf death magi
  10 ettins
  A blizzard demon (Depths:2)
  A merfolk javelineer (Depths:3)
  Josephine (Orc:1)
  A mummy priest (Zig:6)
  2 green deaths (Zig:7)
  A quicksilver dragon zombie (Zig:6)
  A jiangshi (Vaults:2)
  2 crystal guardians (Vaults:4)
  A shambling mangrove (Swamp:4)
  18 yaktaur captains
  9 great orbs of eyes
  11 deep elf high priests
  2 entropy weavers
  8 fire dragons
  23 hydras
  5 salamander tyrants
  3 ogre magi
  5 ice dragons
  A hydra (shapeshifter) (Vaults:5)
  4 rakshasas
  3 ghost crabs
  Erica (Orc:1)
  A hell beast (Zig:7)
  3 spriggan air magi
  5 catoblepae
  3 peacekeepers
  36 vault guards
  8 ironbound frosthearts
  23 centaur warriors
  11 anacondas
  11 death yaks
  13 alligators
  15 dancing weapons
  A boulder beetle (Lair:1)
  3 two-headed ogres
  6 deep troll earth magi
  6 shock serpents
  27 naga warriors
  A spriggan berserker (Depths:4)
  A vampire mage (Vaults:2)
  3 deep troll shamans
  An orc high priest (Elf:3)
  8 tengu warriors
  2 shock serpents (shapeshifter)
  19 naga sharpshooters
  17 hell knights
  Sonja (Lair:1)
  A sun demon (Depths:2)
  4 iron trolls
  2 titan skeletons
  13 deep elf knights
  17 skeletal warriors
  2 fire crabs (Swamp:4)
  7 goliath frogs
  A sea snake (shapeshifter) (Vaults:5)
  38 deep trolls
  2 salamander mystics (Snake:3)
  2 sixfirhies (Depths:2)
  3 bog bodies
  A spriggan druid (Swamp:3)
  3 glowing orange brains
  A flayed ghost (Depths:3)
  9 swamp dragons
  8 phantasmal warriors
  12 deep elf archers
  Pikel (D:7)
  7 naga ritualists
  10 harpies (Vaults:1)
  11 lindwurms
  22 ironbound convokers
  11 wizards
  5 manticores
  11 necromancers
  5 orc knights
  16 deep elf zephyrmancers
  A human zombie (Vaults:3)
  45 ugly things
  9 orc sorcerers
  4 cyclopes
  A lindwurm (shapeshifter) (Vaults:1)
  A shadow dragon skeleton (Vaults:2)
  A wolf spider (D:10)
  2 will-o-the-wisps
  3 mana vipers
  27 deep elf pyromancers
  A tengu skeleton (Vaults:2)
  A manticore (shapeshifter) (Vaults:5)
  17 moths of wrath
  A stone giant zombie (Vaults:3)
  19 elephants
  A cyclops (shapeshifter) (Vaults:4)
  13 salamanders
  26 vault sentinels
  A fire giant skeleton (Depths:2)
  36 black mambas
  4 eyes of devastation (Slime:5)
  3 shining eyes
  3 guardian serpents (Snake:1)
  15 naga magi
  Joseph (D:7)
  16 cane toads
  An unseen horror (D:10)
  2 gargoyles
  39 yaktaurs
  A smoke demon (Depths:2)
  An unseen horror (shapeshifter) (D:12)
  7 rime drakes
  10 komodo dragons
  3 tengu conjurers
  3 spectral nagas (Snake:4)
  A guardian mummy (Zig:6)
  An ice devil (Depths:2)
  2 freezing wraiths (Vaults:5)
  3 bloated husks
  10 hornets
  8 trolls
  2 meliai (shapeshifter)
  A hornet (shapeshifter) (Elf:2)
  4 polar bears
  5 tyrant leeches
  12 blink frogs
  A tarantella (Vaults:1)
  A tarantella (shapeshifter) (D:10)
  3 dream sheep
  A blink frog (shapeshifter) (D:13)
  A jumping spider (shapeshifter) (D:10)
  95 slime creatures
  2 air elementals
  Sigmund (D:4)
  15 water elementals
  6 spriggans
  59 yaks
  2 ushabtiu (Zig:6)
  2 vampires (D:10)
  A ynoxinul (Depths:2)
  3 wyverns
  10 wraiths
  Eustachio (D:6)
  8 basilisks
  A human (shapeshifter) (Vaults:5)
  4 fire elementals
  A hog (shapeshifter) (Elf:3)
  7 golden eyes
  2 redbacks (Vaults:1)
  6 steam dragons
  18 humans
  2 chaos spawn
  6 hogs (Swamp:2)
  27 vampire mosquitoes
  A yaktaur simulacrum (Vaults:3)
  A spriggan simulacrum (Depths:2)
  17 wargs
  A glowing shapeshifter zombie (Vaults:2)
  56 nagas
  8 swamp worms
  3 acid dragons
  16 water moccasins
  2 hell hounds
  An ice beast (D:5)
  16 swamp drakes
  3 sky beasts
  An ettin simulacrum (Vaults:2)
  25 orc warriors
  2 black bears
  9 ogres
  10 centaurs
  19 wolves
  3 lemures (D:7)
  A kobold brigand (D:11)
  11 bullfrogs
  A gnoll sergeant (D:9)
  A scorpion (D:6)
  A glowing shapeshifter simulacrum (Vaults:2)
  4 necrophages
  3 earth elementals
  10 wights
  5 killer bees (D:8)
  7 howler monkeys
  10 electric eels
  A lava snake (Swamp:4)
  3 hounds
  15 orc priests
  2 gnoll boudas
  8 iguanas
  Jessica (D:2)
  55 orc wizards
  Terence (D:2)
  4 mummies (Zig:6)
  18 gnolls
  7 adders
  A shadow imp (D:6)
  4 white imps
  A dart slug (D:3)
  105 orcs
  8 ball pythons
  11 endoplasms
  3 giant cockroaches
  6 goblins
  4 hobgoblins
  13 kobolds
  3 quokkas
  4 bats
  2 frilled lizards
  3 rats
  2 briar patches (Swamp:3)
  A fire vortex (Swamp:4)
2162 creatures vanquished.

Vanquished Creatures (collateral kills)
  49 foxfires
49 creatures vanquished.

Vanquished Creatures (others)
  A hydra (Swamp:1)
  A bog body (Swamp:1)
  A deep elf zephyrmancer (Elf:2)
  A deep elf pyromancer (Elf:2)
  5 dream sheep (D:4)
  A water elemental (Elf:2)
  A fire elemental (D:15)
  2 swamp drakes (Swamp:4)
  An orc (D:10)
  A briar patch (Swamp:3)
  2098 foxfires
  43 fungi
  180 plants
2336 creatures vanquished.

Grand Total: 4547 creatures vanquished

Table legend: (Time is in decaauts)
 A = Elapsed time spent in this place.
 B = Non-inter-level travel time spent in this place.
 C = Inter-level travel time spent in this place.
 D = Time resting spent in this place.
 E = Time spent auto-exploring this place.
 F = Levels seen in this place.
 G = Mean time per level.
                   A        B        C        D        E       F      G
               +--------+--------+--------+--------+--------+-----+--------+
         Total | 101531 |  96280 |   5251 |  43038 |  40287 |  63 | 1611.6 |
       Dungeon |  26119 |  24410 |   1709 |   7918 |  13387 |  15 | 1741.3 |
        Temple |    129 |     89 |     40 |      0 |     73 |   1 |  129.0 |
          Lair |  11540 |  10519 |   1021 |   3815 |   5154 |   5 | 2308.0 |
         Swamp |   7111 |   6870 |    241 |   3425 |   2510 |   4 | 1777.8 |
     Snake Pit |   9902 |   9527 |    375 |   4567 |   3772 |   4 | 2475.5 |
    Slime Pits |   2045 |   2014 |     31 |   1260 |    383 |   5 |  409.0 |
  Orcish Mines |   3532 |   3263 |    269 |   1408 |   1191 |   2 | 1766.0 |
   Elven Halls |   6541 |   6340 |    201 |   2923 |   2764 |   3 | 2180.3 |
        Vaults |  17286 |  16569 |    717 |   9393 |   4933 |   5 | 3457.2 |
        Depths |   9265 |   8799 |    466 |   4335 |   3510 |   4 | 2316.2 |
           Zot |   7075 |   6899 |    176 |   3377 |   2475 |   5 | 1415.0 |
      Ziggurat |    773 |    773 |      0 |    466 |    121 |   8 |   96.6 |
        Bazaar |    208 |    208 |      0 |    151 |     13 |   2 |  104.0 |
               +--------+--------+--------+--------+--------+-----+--------+

Top non-repeatable levels by time:
Vaults:4: 4820 daAuts
Vaults:1: 4573 daAuts
    D:14: 3820 daAuts
 Snake:4: 3479 daAuts
   Elf:3: 3451 daAuts
Vaults:2: 3175 daAuts
     D:7: 3143 daAuts
  Lair:3: 3123 daAuts
 Snake:3: 2982 daAuts
     D:9: 2939 daAuts
  Lair:5: 2829 daAuts
Depths:3: 2652 daAuts
    D:10: 2650 daAuts
Vaults:3: 2379 daAuts
Vaults:5: 2337 daAuts

Table legend:
 A = Non-vault XP
 B = Vault XP
 C = Vault XP percentage of total XP
 D = Non-vault monster count
 E = Vault monster count
 F = Vault count percentage of total count
                 A         B        C        D         E       F
            +---------+---------+-------+---------+---------+-------
      Total |  693048 |  544654 |  44.0 |    1365 |     775 |  36.2
            +---------+---------+-------+---------+---------+-------
        D:1 |      24 |       2 |   7.7 |      14 |       1 |   6.7
        D:2 |      43 |      75 |  63.6 |      11 |       5 |  31.2
        D:3 |      41 |       0 |   0.0 |      18 |       0 |   0.0
        D:4 |     367 |     231 |  38.6 |      20 |       1 |   4.8
        D:5 |     327 |     208 |  38.9 |      21 |       6 |  22.2
        D:6 |     699 |     197 |  22.0 |      17 |       1 |   5.6
        D:7 |     908 |    1086 |  54.5 |      13 |       2 |  13.3
        D:8 |    2439 |       0 |   0.0 |      26 |       0 |   0.0
        D:9 |    1803 |    1830 |  50.4 |      25 |      27 |  51.9
       D:10 |    2811 |   10369 |  78.7 |      28 |      31 |  52.5
       D:11 |    3008 |       0 |   0.0 |      22 |       0 |   0.0
       D:12 |    6543 |       0 |   0.0 |      14 |       0 |   0.0
       D:13 |    6542 |    1931 |  22.8 |      18 |       3 |  14.3
       D:14 |   16072 |    6515 |  28.8 |      29 |      25 |  46.3
       D:15 |   15204 |    7459 |  32.9 |      41 |      12 |  22.6
     Lair:1 |    5036 |     778 |  13.4 |      22 |       1 |   4.3
     Lair:2 |    4629 |    2666 |  36.5 |      21 |       7 |  25.0
     Lair:3 |   11058 |    1991 |  15.3 |      39 |       9 |  18.8
     Lair:4 |    8009 |    5501 |  40.7 |      26 |      11 |  29.7
     Lair:5 |   14824 |   14572 |  49.6 |      40 |      40 |  50.0
    Swamp:1 |   14062 |       0 |   0.0 |      27 |       0 |   0.0
    Swamp:2 |   12512 |   10887 |  46.5 |      24 |      21 |  46.7
    Swamp:3 |   17837 |     882 |   4.7 |      29 |       1 |   3.3
    Swamp:4 |   10125 |   17305 |  63.1 |      18 |      30 |  62.5
    Snake:1 |   23652 |       0 |   0.0 |      47 |       0 |   0.0
    Snake:2 |   19332 |       0 |   0.0 |      35 |       0 |   0.0
    Snake:3 |   18480 |    6680 |  26.6 |      36 |       6 |  14.3
    Snake:4 |   17450 |   26041 |  59.9 |      35 |      42 |  54.5
    Slime:1 |    2103 |       0 |   0.0 |       4 |       0 |   0.0
    Slime:2 |    5077 |       0 |   0.0 |       9 |       0 |   0.0
    Slime:3 |    4495 |       0 |   0.0 |       7 |       0 |   0.0
    Slime:4 |    8579 |       0 |   0.0 |      24 |       0 |   0.0
    Slime:5 |   19459 |   23903 |  55.1 |      38 |      18 |  32.1
      Orc:1 |    2054 |    4165 |  67.0 |      22 |      17 |  43.6
      Orc:2 |    2863 |    6534 |  69.5 |      34 |      62 |  64.6
      Elf:1 |   16668 |    9420 |  36.1 |      26 |      14 |  35.0
      Elf:2 |   13350 |    3182 |  19.2 |      23 |       4 |  14.8
      Elf:3 |   14452 |   32607 |  69.3 |      29 |      29 |  50.0
   Vaults:1 |   29928 |   46286 |  60.7 |      49 |      65 |  57.0
   Vaults:2 |   30028 |   35425 |  54.1 |      44 |      42 |  48.8
   Vaults:3 |   30417 |   30797 |  50.3 |      45 |      45 |  50.0
   Vaults:4 |   21739 |   39174 |  64.3 |      30 |      35 |  53.8
   Vaults:5 |   23198 |  104541 |  81.8 |      27 |      93 |  77.5
   Depths:1 |   13980 |    6129 |  30.5 |      15 |       7 |  31.8
   Depths:2 |   11730 |   17962 |  60.5 |      15 |      18 |  54.5
   Depths:3 |   23891 |   25015 |  51.1 |      31 |      14 |  31.1
   Depths:4 |   26030 |   18067 |  41.0 |      29 |      15 |  34.1
      Zot:1 |   26947 |    1806 |   6.3 |      25 |       1 |   3.8
      Zot:2 |   25401 |    7262 |  22.2 |      26 |       7 |  21.2
      Zot:3 |   39764 |       0 |   0.0 |      32 |       0 |   0.0
      Zot:4 |   20747 |    4803 |  18.8 |      17 |       1 |   5.6
      Zot:5 |   13332 |   10370 |  43.8 |      10 |       6 |  37.5
      Zig:1 |     745 |       0 |   0.0 |       2 |       0 |   0.0
      Zig:2 |    1929 |       0 |   0.0 |       3 |       0 |   0.0
      Zig:3 |    3495 |       0 |   0.0 |       3 |       0 |   0.0
      Zig:4 |    5051 |       0 |   0.0 |       5 |       0 |   0.0
      Zig:5 |    4681 |       0 |   0.0 |       6 |       0 |   0.0
      Zig:6 |    7239 |       0 |   0.0 |      11 |       0 |   0.0
      Zig:7 |    9839 |       0 |   0.0 |       8 |       0 |   0.0
            +---------+---------+-------+---------+---------+-------
